 Dungeon Crawl Stone Soup version 0.30-a0-778-g2ef04afb54 (webtiles) character file.

Game seed: 18159954885289827752

493 Goldberg the Slasher (level 7, -3/54 HPs)
             Began as a Human Fighter on Feb 16, 2023.
             Was an Initiate of Wu Jian.
             Slain by an ogre
             ... wielding a +0 giant club
              (23 damage)
             ... on level 4 of the Dungeon.
             The game lasted 00:12:42 (3275 turns).

Goldberg the Slasher (Human Fighter)                Turns: 3275, Time: 00:12:43

Health: -3/54      AC:  9    Str: 18    XL:     7   Next: 37%
Magic:  7/7        EV:  9    Int:  9    God:    Wu Jian [......]
Gold:   129        SH:  4    Dex: 12    Spells: 6/6 levels left

rFire   . . .      SeeInvis .    a - +0 long sword
rCold   + . .      Faith    .    c - +0 buckler
rNeg    . . .      Spirit   .    r - +1 scale mail {rC+}
rPois   .          Reflect  .    (no helmet)
rElec   .          Harm     .    (no cloak)
rCorr   .          Rampage  .    (no gloves)
Will    .....                    n - +0 pair of boots Stlth
                                 (no amulet)
HPRegen 0.29/turn                q - ring of flight
MPRegen 0.10/turn                (no ring)

@: flying
A: no striking features
a: Renounce Religion


You were on level 4 of the Dungeon.
You worshipped Wu Jian.
Wu Jian was noncommittal.
You visited 1 branch of the dungeon, and saw 4 of its levels.

You collected 414 gold pieces.
You spent 203 gold pieces at shops.
You paid 82 gold pieces to Gozag.

Inventory:

Hand Weapons
 a - a +0 long sword (weapon)
Armour
 b - a +0 scale mail
 c - a +0 buckler (worn)
 m - a +1 robe of willpower
 n - a +0 pair of boots (worn)
 r - a +1 scale mail of cold resistance (worn)
Jewellery
 e - a ring of wizardry
 q - a ring of flight (left hand)
 t - an amulet of magic regeneration
Wands
 s - a wand of paralysis (3)
Scrolls
 f - 2 scrolls of teleportation
 h - a scroll of fear {unknown}
 i - 3 scrolls of fog
 j - a scroll of magic mapping
 k - 2 scrolls of brand weapon
 o - a scroll of silence
 p - a scroll of immolation
 u - a scroll of enchant weapon {unknown}
Potions
 d - 3 potions of might
 g - 3 potions of curing {unknown}
 l - a potion of berserk rage {unknown}


   Skills:
 + Level 4.1 Fighting
 * Level 5.9 Long Blades
 + Level 3.9 Armour
 + Level 3.8 Shields


You had 6 spell levels left.
You didn't know any spells.
Your spell library contained the following spells:

 Spells                   Type           Power      Damage    Failure   Level
 Cigotuvi's Dreadful Rot  Necr/Pois/Air  0%         N/A       94%         2
 Poisonous Vapours        Pois/Air       0%         N/A       94%         2
 Mephitic Cloud           Conj/Pois/Air  0%         N/A       99%         3


Dungeon Overview and Level Annotations

Branches:
Dungeon (4/15)
 Temple: D:4-7

Altars:
Gozag
Trog
Wu Jian

Shops:
D:3 (*


Message History

You kill the hound!
The Council accepts your kill.
You now have 129 gold pieces (gained 9).
You see here a hound corpse.
You reach down and open the door.
There is an open door here.
An ogre comes into view. It is wielding a +0 giant club.
Gozag incites the ogre against you.
The ogre shouts!
The ogre goes berserk!
The ogre rages.
Aiming: Paralyse
Press: ? - help, Shift-Dir - straight line, f - ogre
Aim: an ogre, wielding a +0 giant club (berserk, incited by Gozag, chance to affect: 49%)
Okay, then.
Aiming: Paralyse
Press: ? - help, Shift-Dir - straight line, f - ogre
Aim: an ogre, wielding a +0 giant club (berserk, incited by Gozag, chance to affect: 49%)
The ogre resists with some effort.
You hit the ogre.
The ogre is lightly wounded.
The ogre hits you with a +0 giant club!
The ogre hits you with a +0 giant club!!
Ouch! That really hurt!
* * * LOW HITPOINT WARNING * * *
Aiming: Paralyse
Press: ? - help, Shift-Dir - straight line, f/p - ogre
Aim: an ogre, wielding a +0 giant club (lightly wounded, berserk, incited by Gozag, chance to affect: 49%)
The ogre resists with some effort.
The ogre closely misses you.
Aiming: Paralyse
Press: ? - help, Shift-Dir - straight line, p - ogre The ogre suddenly stops moving!
The ogre rages.
The ogre rages.
Aiming: Paralyse
Press: ? - help, Shift-Dir - straight line, f - ogre
Aim: an ogre, wielding a +0 giant club (berserk, incited by Gozag, chance to affect: 49%)
The ogre resists with some effort.
The ogre hits you with a +0 giant club!!
You die...

#...# .... #......†. #...#
#......#........
#...#####......#O.......
#.............##........
##########..............#........
#........'..............#.....#.#
##.#######..............#.....#.#
#.# #..............#.....#.# #.#
#####......@O.........##.#.# #.#
#.................##.###.#.# #.#
#.........#.....####...#.# #.#
#.........#.....# ##.##.. #.#
#.........#.....#####.. . #.#
#.........#.........#### #.#
###########.........'..#
##.####### #.........##.#
#........# #.........##.#


You could see an ogre (berserk, incited).

Vanquished Creatures
  6 scorpions (D:4)
  A hound (D:4)
  3 gnolls (D:4)
  2 adders
  A worm (D:2)
  A dart slug (D:1)
  10 orcs
  8 bats
  3 endoplasms
  A giant cockroach (D:1)
  6 goblins
  7 hobgoblins
  2 kobolds (D:1)
  4 quokkas
  5 ball pythons
  3 frilled lizards (D:1)
  9 rats
72 creatures vanquished.

Vanquished Creatures (others)
  11 fungi (D:4)
  5 plants (D:4)
16 creatures vanquished.

Grand Total: 88 creatures vanquished

Notes
Turn   | Place    | Note
-------+----------+-------------------------------------------
     0 | D:1      | Goldberg the Human Fighter began the quest for the Orb.
     0 | D:1      | Reached XP level 1. HP: 18/18 MP: 1/1
    57 | D:1      | Reached XP level 2. HP: 21/24 MP: 2/2
   483 | D:1      | Reached XP level 3. HP: 29/29 MP: 3/3
  1426 | D:3      | Reached skill level 3 in Long Blades
  1426 | D:3      | Reached XP level 4. HP: 13/35 MP: 4/4
  1841 | D:3      | Found an opulent altar of Gozag.
  1858 | D:3      | Became a worshipper of Gozag Ym Sagoz the Greedy
  1914 | D:3      | Found Udetok's Assorted Antiques.
  1992 | D:3      | Bought a runed scale mail for 203 gold pieces
  2056 | D:3      | Found Tetaud's Weapon Shoppe.
  2246 | D:4      | Noticed a scorpion
  2246 | D:4      | Noticed a scorpion
  2367 | D:4      | Killed a scorpion
  2368 | D:4      | Reached skill level 4 in Long Blades
  2368 | D:4      | Reached XP level 5. HP: 30/42 MP: 5/5
  2388 | D:4      | Reached XP level 6. HP: 26/48 MP: 6/6
  2488 | D:4      | Reached skill level 5 in Long Blades
  2635 | D:4      | Reached XP level 7. HP: 28/54 MP: 7/7
  2642 | D:4      | Found a bloodstained altar of Trog.
  2645 | D:4      | Found an ornate altar of the Wu Jian Council.
  2824 | D:4      | Fell from the grace of Gozag
  2824 | D:4      | Became a worshipper of the Wu Jian Council
  3275 | D:4      | Slain by an ogre

Illustrated notes

Levels and vault maps discovered:
D:1:      dpeg_arrival_refuge, layout_loops_ring
D:2:      layout_basic
D:3:      layout_basic, grunt_gozag_breadcrumbs, serial_shops, shop,
          nicolae_shop_waterfront
D:4:      old_forge, layout_basic, grunt_temple_overflow_growth_and_decay,
          grunt_temple_overflow_open, uniq_blork_the_orc

Skill      XL: |  1  2  3  4  5  6 |
---------------+-------------------+-----
Long Blades    | 3 4 5 |  5.9
Fighting       | 4 |  4.1
Armour         | |  3.9
Shields        | |  3.8

Action                     |  1- 3 |  4- 6 |  7- 9 || total
---------------------------+-------+-------+-------++-------
  Melee: Long sword        |   116 |   126 |    51 ||   293
  Evoke: Wand              |       |       |     4 ||     4
    Use: Potion            |     1 |     2 |     1 ||     4
         Scroll            |     8 |       |       ||     8
 Armour: Scale mail        |    44 |    63 |    21 ||   128
  Dodge: Dodged            |    54 |    72 |    26 ||   152
  Block: Buckler           |    22 |    33 |    10 ||    65

Table legend: (Time is in decaauts)
 A = Elapsed time spent in this place.
 B = Non-inter-level travel time spent in this place.
 C = Inter-level travel time spent in this place.
 D = Time resting spent in this place.
 E = Time spent auto-exploring this place.
 F = Levels seen in this place.
 G = Mean time per level.
                   A        B        C        D        E       F      G
               +--------+--------+--------+--------+--------+-----+--------+
         Total |   3349 |   3329 |     20 |    336 |   1883 |   4 |  837.2 |
       Dungeon |   3349 |   3329 |     20 |    336 |   1883 |   4 |  837.2 |
               +--------+--------+--------+--------+--------+-----+--------+

Top non-repeatable levels by time:
     D:4: 1108 daAuts
     D:1: 890 daAuts
     D:3: 792 daAuts
     D:2: 557 daAuts
